 Dungeon Crawl Stone Soup version 0.32-a0-35-gd9ff480968 (webtiles) character file.

Game seed: 2641403641883329953

1568 IdlyInterested the Changeling (level 8, -7/50 HPs)
             Began as an Octopode Shapeshifter on Jan 22, 2024.
             Mangled by a boulder beetle (18 damage)
             ... on level 6 of the Dungeon.
             The game lasted 00:11:21 (3226 turns).

IdlyInterested the Changeling (OpSh)                Turns: 3226, Time: 00:11:22

Health: -7/50      AC:  1    Str: 15    XL:     8   Next: 90%
Magic:  8/8        EV: 13    Int: 13    God:
Gold:   242        SH:  0    Dex: 11    Spells: 7/7 levels left

rFire   . .          .
                       - Unarmed
rCold   + . .        (no shield)
rNeg    . . .        (helmet currently unavailable)
rPois   .            d - amulet of regeneration
rElec   .            u - ring of protection from cold
rCorr   .            (no ring)
SInv    .            (no ring)
Will    .....        (no ring)
Stlth   +++          (no ring)
HPRegen 1.08/turn    (no ring)
MPRegen 0.11/turn    (no ring)
                     (no ring)

%: no passive effects
@: beast-form
A: beast (slay +4), almost no armour, amphibious, 8 rings, camouflage 1,
gelatinous body 1, (nimble swimmer 1), tentacles
a: Begin Untransformation


You were on level 6 of the Dungeon.
You were a hulking beast.
You visited 1 branch of the dungeon, and saw 6 of its levels.

You collected 242 gold pieces.

Inventory:

Hand Weapons
 g - a +0 dagger
Missiles
 e - 14 poisoned darts (quivered)
 h - 42 stones
 t - 5 boomerangs
Magical Staves
 x - a staff of earth
Jewellery
 d - an amulet of regeneration (around mantle)
 u - a ring of protection from cold (left tentacle)
Talismans
 b - a beast talisman
 c - a flux talisman
Wands
 k - a wand of roots (3)
Scrolls
 f - 2 scrolls of teleportation
 n - a scroll of brand weapon {unknown}
 o - a scroll of revelation {unknown}
 p - a scroll of amnesia {unknown}
 q - a scroll of silence {unknown}
 r - a scroll of torment {unknown}
 v - a scroll of poison {unknown}
 w - a scroll of blinking {unknown}
Potions
 a - a potion of lignification
 i - a potion of haste {unknown}
 j - a potion of mutation {unknown}
 l - a potion of might {unknown}
 m - a potion of degeneration {unknown}
 s - a potion of cancellation {unknown}
 z - a potion of attraction {unknown}


   Skills:
 - Level 2.0 Fighting
 - Level 1.0 Staves
 - Level 2.0 Throwing
 - Level 2.0 Dodging
 - Level 2.0 Stealth
 * Level 7.2 Unarmed Combat
 + Level 0.0 Spellcasting
 - Level 2.0 Evocations
 + Level 7.5 Shapeshifting


You had 7 spell levels left.
You didn't know any spells.
Your spell library contained the following spells:

 Spells                   Type           Power      Damage    Failure   Level
 Ensorcelled Hibernation  Hex/Ice        0%         N/A       43%         2
 Passwall                 Erth           0%         N/A       67%         3
 Swiftness                Air            0%         N/A       67%         3
 Summon Forest            Summ/Tloc      0%         N/A       100%        5
 Eringya's Noxious Bog    Alch           0%         4d6       100%        6
 Summon Hydra             Summ           0%         N/A       100%        7


Dungeon Overview and Level Annotations

Branches:
Dungeon (5/15)
 Temple: D:4-7

Altars:
Fedhas
Trog
Wu Jian


Innate Abilities, Weirdness & Mutations

You are a hulking beast.
Your limbs bulge with bestial killing power. (Slay +4)
You cannot wear most types of armour.
You are amphibious.
You can wear up to eight rings at the same time.
Your skin changes colour to match your surroundings (Stealth+).
Your rubbery body absorbs attacks. (AC +1, EV +1)
((You are camouflaged when in or above water. (Stealth+)))
You have tentacles for arms and can constrict up to eight enemies at once.


Message History

Your transformation is almost over.
You feel less wooden.
You turn into a hulking beast.
You start resting.
HP restored.
An orc wizard and a hound come into view.
The orc wizard moves out of view.
Found a robe and a hand axe.
i - an amethyst potion A boulder beetle comes into view.
The helpless boulder beetle fails to defend itself.
You tentacle-slap the boulder beetle but do no damage.
You tentacle-slap the boulder beetle.
The boulder beetle is lightly wounded.
The boulder beetle barely misses you.
You tentacle-slap the boulder beetle but do no damage.
The boulder beetle is lightly wounded.
The boulder beetle bites you!!
You tentacle-slap the boulder beetle but do no damage.
You squeeze the boulder beetle, but do no damage.
The boulder beetle bites you.
You tentacle-slap the boulder beetle.
The boulder beetle is lightly wounded.
The boulder beetle bites you!
You completely miss the boulder beetle. The boulder beetle closely misses you.
You tentacle-slap the boulder beetle but do no damage.
You squeeze the boulder beetle, but do no damage.
You tentacle-slap the boulder beetle but do no damage.
The boulder beetle bites you!
* * * LOW HITPOINT WARNING * * *
You tentacle-slap the boulder beetle but do no damage.
The boulder beetle leaps!
You tentacle-slap the boulder beetle.
The boulder beetle is lightly wounded.
The boulder beetle bites you.
* * * LOW HITPOINT WARNING * * *
You tentacle-slap the boulder beetle but do no damage.
The boulder beetle is lightly wounded.
The boulder beetle bites you!!
You die...

#..##....###.##
..###.###.##.#
#..##..###.# #
.#......####.#
............♣. ###.
........####.## .....
###....###.#.#°## .....
#...###.##.##.###...#
#......###.###h.....#
####.....##...##B.....#
.........#.....#..#...#
##.........#......#
....
...........###.[..# #..
.##........# #....# .
.###.....#..##...)# .#
##...###..#....# .#
##### #.######


You could see a boulder beetle.

Vanquished Creatures
  Pikel (D:4)
  An unseen horror (D:6)
  A shadow (D:6)
  Edmund (D:4)
  A water moccasin (D:6)
  The ghost of Azoth the Conjurer, an amateur TeCj (D:3)
  An ice beast (D:6)
  3 lemures (D:4)
  2 hounds (D:4)
  A gnoll bouda (D:4)
  3 iguanas (D:4)
  A gnoll (D:4)
  3 adders
  2 dart slugs
  A ribbon worm (D:3)
  4 orcs (D:3)
  8 ball pythons
  4 bats
  3 endoplasms
  6 giant cockroaches
  4 goblins
  6 hobgoblins
  2 jackals (D:1)
  8 kobolds
  A quokka (D:2)
  3 frilled lizards
  6 rats
78 creatures vanquished.

Notes
Turn   | Place    | Note
-------+----------+-------------------------------------------
     0 | D:1      | IdlyInterested the Octopode Shapeshifter began the quest
                  | for the Orb.
     0 | D:1      | Reached XP level 1. HP: 13/13 MP: 1/1
   178 | D:1      | Reached skill level 1 in Stealth
   178 | D:1      | Reached XP level 2. HP: 18/18 MP: 2/2
   689 | D:1      | Reached XP level 3. HP: 23/23 MP: 3/3
  1038 | D:2      | Found a bloodstained altar of Trog.
  1100 | D:2      | Reached skill level 1 in Throwing
  1260 | D:3      | Found a runed translucent door.
  1260 | D:3      | Noticed Azoth's ghost (amateur TeCj)
  1406 | D:3      | Found a blossoming altar of Fedhas.
  1413 | D:3      | Reached XP level 4. HP: 28/28 MP: 4/4
  1485 | D:3      | Found an ornate altar of the Wu Jian Council.
  2038 | D:3      | Killed Azoth's ghost
  2039 | D:3      | Reached skill level 1 in Evocations
  2039 | D:3      | Reached XP level 5. HP: 33/33 MP: 5/5
  2151 | D:4      | Reached skill level 5 in Shapeshifting
  2151 | D:4      | Reached XP level 6. HP: 34/38 MP: 6/6
  2327 | D:4      | Noticed Pikel
  2339 | D:4      | Killed Pikel
  2340 | D:4      | Reached skill level 5 in Unarmed Combat
  2340 | D:4      | Reached XP level 7. HP: 25/45 MP: 7/7
  2388 | D:4      | Noticed Edmund
  2401 | D:4      | Killed Edmund
  2480 | D:4      | Reached XP level 8. HP: 45/50 MP: 8/8
  2996 | D:5      | Entered Level 5 of the Dungeon
  2996 | D:5      | You fall into a shaft and drop 1 floor!
  3008 | D:6      | Noticed a shadow
  3064 | D:6      | Killed a shadow
  3120 | D:6      | Killed an unseen horror
  3121 | D:6      | Reached skill level 1 in Staves
  3213 | D:6      | Noticed a boulder beetle
  3226 | D:6      | Mangled by a boulder beetle

Illustrated notes

Levels and vault maps discovered:
D:1:      amcnicky_arrival_double_pillar, layout_loops_ring,
          minmay_misc_feat_plants, minmay_misc_feat_nine_boxes,
          chequers_decorated_corner, minmay_quantized
D:2:      layout_rooms, basic_altar, st_stairs_7
D:3:      layout_loops_ring, mainiacjoe_overflow_small_starburst,
          old_standard_altar, hellmonk_ghost_happy_afterlife,
          grunt_ministairs_15, minmay_cupped
D:4:      layout_basic, dreamdust_mushroom_princess,
          amcnicky_mini_rare_corridor_liquid, minmay_puff, uniq_pikel,
          uniq_edmund
D:5:      layout_basic, nicolae_dithmenos_shadow_blocks,
          biasface_ghost_orc_armoury, doesnt_shop_hydraphobe
D:6:      layout_rooms, kb_rosetta, uniq_maggie

Skill      XL: |  1  2  3  4  5  6  7  8 |
---------------+-------------------------+-----
Stealth        | 1 2 |  2.0
Throwing       | 1 2 |  2.0
Shapeshifting  | 4 5 6 7 |  7.5
Unarmed Combat | 4 5 7 |  7.2
Evocations     | 1 2 |  2.0
Fighting       | 2 |  2.0
Staves         | 1 |  1.0
Dodging        | |  2.0

Action                     |  1- 3 |  4- 6 |  7- 9 || total
---------------------------+-------+-------+-------++-------
  Melee: Unarmed           |    63 |    93 |    65 ||   221
         Constrict         |    16 |    16 |     8 ||    40
         Tentacles         |    12 |    18 |    13 ||    43
         Punch             |     1 |     1 |     4 ||     6
  Throw: Dart              |       |     5 |       ||     5
    Use: Potion            |     1 |     4 |     2 ||     7
         Scroll            |     1 |       |       ||     1
   Stab: Sleeping          |     6 |     8 |     4 ||    18
 Armour: Skin              |    18 |    54 |    46 ||   118
  Dodge: Dodged            |    31 |    31 |    16 ||    78

Table legend: (Time is in decaauts)
 A = Elapsed time spent in this place.
 B = Non-inter-level travel time spent in this place.
 C = Inter-level travel time spent in this place.
 D = Time resting spent in this place.
 E = Time spent auto-exploring this place.
 F = Levels seen in this place.
 G = Mean time per level.
                   A        B        C        D        E       F      G
               +--------+--------+--------+--------+--------+-----+--------+
         Total |   3204 |   2996 |    208 |    302 |   1883 |   6 |  534.0 |
       Dungeon |   3204 |   2996 |    208 |    302 |   1883 |   6 |  534.0 |
               +--------+--------+--------+--------+--------+-----+--------+

Top non-repeatable levels by time:
     D:3: 875 daAuts
     D:4: 856 daAuts
     D:1: 846 daAuts
     D:2: 401 daAuts
     D:6: 225 daAuts
